 Dungeon Crawl Stone Soup version 0.31.0-11-ge490571c62 (webtiles) character file.

Game seed: 4362771883457431332

122 Arcadio the Cudgeller (level 4, -1/38 HPs)
             Began as an Armataur Gladiator on Jan 26, 2024.
             Frozen to death by an endoplasm (4 damage)
             ... on level 3 of the Dungeon.
             The game lasted 00:04:50 (1534 turns).

Arcadio the Cudgeller (Armataur Gladiator)          Turns: 1534, Time: 00:04:51

Health: -1/38      AC: 10    Str: 28    XL:     4   Next: 78%
Magic:  4/4        EV:  7    Int:  8    God:
Gold:   187        SH:  0    Dex: 11    Spells: 3/3 levels left

rFire   . . .        a - +0 flail
rCold   . . .        (no shield)
rNeg    . . .        i - +0 chain mail
rPois   .            c - +0 helmet
rElec   .            (no cloak)
rCorr   .            u - +0 pair of gloves
SInv    .            (no barding)
Will    .....        (no amulet) Stlth
                     g - +6 ring of strength
HPRegen 0.26/turn    (no ring)
MPRegen 1.08/turn

%: roll
@: on fire, glowing
A: large, deformed body, tough skin 3, armoured tail, roll 1
a: no special abilities


You were on level 3 of the Dungeon.
You visited 1 branch of the dungeon, and saw 3 of its levels.

You collected 187 gold pieces.

Inventory:

Hand Weapons
 a - a +0 flail (weapon)
 l - a +1 vampiric short sword
Missiles
 d - 3 throwing nets (quivered)
 e - a javelin
Armour
 b - a +0 leather armour
 c - a +0 helmet (worn)
 h - a +0 buckler
 i - a +0 chain mail (worn)
 s - a +0 tower shield
 u - a +0 pair of gloves (worn)
Jewellery
 g - a +6 ring of strength (left hand)
Scrolls
 k - a scroll of enchant weapon {unknown}
 m - 5 scrolls of identify {unknown}
 n - a scroll of fog {unknown}
 q - a scroll of enchant armour {unknown}
 r - a scroll of teleportation {unknown}
Potions
 f - a potion of curing
 j - 2 potions of brilliance {unknown}
 o - a potion of heal wounds {unknown}
 p - a potion of lignification {unknown}
 t - a potion of attraction {unknown}


   Skills:
 + Level 3.0 Fighting
 + Level 3.6 Maces & Flails
 - Level 1.7 Throwing
 + Level 2.9 Armour
 - Level 2.1 Dodging


You had 3 spell levels left.
You didn't know any spells.
Your spell library contained the following spells:

 Spells                   Type           Power      Damage    Failure   Level
 Cigotuvi's Dreadful Rot  Necr/Alch/Air  0%         N/A       96%         2
 Dispel Undead            Necr           0%         3d6       100%        4
 Martyr's Knell           Necr/Summ      0%         N/A       100%        4
 Death Channel            Necr           0%         N/A       100%        6


Dungeon Overview and Level Annotations

Branches:
Dungeon (3/15)

Altars:


Innate Abilities, Weirdness & Mutations

Armour fits poorly on your strangely shaped body.
You have extremely tough skin. (AC +3)
You have a long armoured tail.
You regenerate magic when rolling toward enemies. (Rampage MPRegen)


Message History

The liquid fire burns you!
The bombardier beetle bites you but does no damage.
You hit the bombardier beetle.
Your tail-slap misses the bombardier beetle.
The bombardier beetle is lightly wounded.
The liquid fire burns you!
You hit the bombardier beetle. You tail-slap the bombardier beetle.
The bombardier beetle is heavily wounded.
The liquid fire burns you! The endoplasm completely misses you.
The bombardier beetle bites you.
You completely miss the bombardier beetle.
The bombardier beetle is heavily wounded.
The liquid fire burns you! The endoplasm freezes you.
You are frozen.
The bombardier beetle bites you but does no damage.
The endoplasm hits you.
It was a potion of curing.
You feel better. The liquid fire burns you!
The endoplasm hits you but does no damage.
You closely miss the bombardier beetle.
You tail-slap the bombardier beetle, but do no damage.
The bombardier beetle is heavily wounded.
The liquid fire burns you!
* * * LOW HITPOINT WARNING * * *
The bombardier beetle bites you but does no damage.
The endoplasm freezes you.
You are frozen.
* * * LOW HITPOINT WARNING * * *
You feel better. The liquid fire burns you!
The bombardier beetle bites you but does no damage.
The endoplasm hits you but does no damage.
You closely miss the bombardier beetle. You tail-slap the bombardier beetle.
The bombardier beetle is severely wounded.
The liquid fire burns you!
* * * LOW HITPOINT WARNING * * *
The endoplasm freezes you.
You are frozen.
You die...

#.. #.# #.# #.# #.#
##.## #.# ##...## #.#
## ####.....# #:# .[
.........# #.# $##
##.#.....####.####...#
#.##........<.J@B.#
#.##########.####...#
..# #.# .## ### #.# #
#J# ... #.# #..


You could see a bombardier beetle and an endoplasm.

Vanquished Creatures
  4 adders (D:2)
  A gnoll (D:1)
  4 ribbon worms
  5 ball pythons
  6 bats
  6 endoplasms
  3 giant cockroaches
  8 goblins
  4 hobgoblins
  3 jackals (D:1)
  2 kobolds (D:1)
  6 quokkas
  2 frilled lizards (D:2)
  8 rats
62 creatures vanquished.

Notes
Turn   | Place    | Note
-------+----------+-------------------------------------------
     0 | D:1      | Arcadio the Armataur Gladiator began the quest for the Orb.
     0 | D:1      | Reached XP level 1. HP: 17/17 MP: 1/1
    87 | D:1      | Reached skill level 1 in Armour
    87 | D:1      | Reached XP level 2. HP: 24/24 MP: 2/2
   292 | D:1      | Reached XP level 3. HP: 26/30 MP: 3/3
   910 | D:2      | Reached XP level 4. HP: 22/37 MP: 4/4
  1534 | D:3      | Frozen to death by an endoplasm

Illustrated notes

Levels and vault maps discovered:
D:1:      dpeg_arrival_refuge, layout_loops_ring
D:2:      layout_rooms, chequers_mini_garden, minmay_hexomino_c4
D:3:      layout_loops_ring

Skill      XL: |  1  2  3  4 |
---------------+-------------+-----
Fighting       | 2 3 |  3.0
Armour         | 1 2 |  2.9
Maces & Flails | 3 |  3.6
Throwing       | |  1.7
Dodging        | |  2.1

Action                     |  1- 3 |  4- 6 || total
---------------------------+-------+-------++-------
  Melee: Flail             |   116 |    66 ||   182
         Tailslap          |     8 |    12 ||    20
         Punch             |     1 |     1 ||     2
    Use: Potion            |       |     2 ||     2
 Armour: Chain mail        |   134 |    52 ||   186
         Leather armour    |     3 |       ||     3
  Dodge: Dodged            |    51 |    16 ||    67
